 Dungeon Crawl Stone Soup version 0.22-a0-469-gf26638a (webtiles) character file.

4204 galech the Fighter (level 10, 0/107 HPs)
             Began as an Ogre Berserker on June 12, 2018.
             Was an Elder of Trog.
             Slain by a hound (5 damage)
             ... on level 10 of the Dungeon.
             The game lasted 00:13:38 (10128 turns).

galech the Fighter (Ogre Berserker)                Turns: 10128, Time: 00:13:39

Health: 0/107      AC:  5    Str: 31    XL:     10   Next: 29%
Magic:  10/10      EV:  8    Int:  3    God:    Trog [****..]
Gold:   42         SH: 19    Dex: 12    Spells: 9/9 levels left

rFire    + . .     SeeInvis +   r - +0 flail (crush)
rCold    . . .     Gourm    .   u - +0 large shield
rNeg     . . .     Faith    .   A - +2 robe {rC+}
rPois    .         Spirit   .   q - +0 hat "Ustrusog" {+Blink Int-5 Dex+4 SInv} (curse)
rElec    .         Reflect  +   (no cloak)
rCorr    .         Harm     .   (gloves unavailable)
MR       +....                  (boots unavailable)
Stlth    ++........             B - +4 amulet of reflection
HPRegen  0.27/turn              s - ring of flight
MPRegen  0.12/turn              j - ring of fire

@: mighty, berserk cooldown, slowed, heavily drained, very slow
A: large, unfitting armour, tough skin 1
a: Berserk, Trog's Hand, Brothers in Arms, Renounce Religion, Evoke Blink, Evoke
Flight


You were on level 10 of the Dungeon.
You worshipped Trog.
Trog was greatly pleased with you.
You were not hungry.

You visited 1 branch of the dungeon, and saw 10 of its levels.

You collected 498 gold pieces.
You spent 456 gold pieces at shops.

Inventory:

Hand Weapons
 r - a +0 flail of crushing (weapon)
Armour
 b - a +0 animal skin
 g - a +1 hat
 q - the cursed +0 hat "Ustrusog" (worn) {+Blink Int-5 Dex+4 SInv}
   (You bought it in a shop on level 9 of the Dungeon)

   It affects your intelligence (-5).
   It affects your dexterity (+4).
   It lets you see invisible.
   It lets you blink.
   It has a curse placed upon it.
 u - a +0 large shield (worn)
 A - a +2 robe of cold resistance (worn)
Jewellery
 j - a ring of fire (right hand)
 s - a ring of flight (left hand)
 B - a +4 amulet of reflection (around neck)
Wands
 f - a wand of paralysis (15)
 h - a wand of acid (7)
 n - a wand of disintegration (21)
 t - a wand of flame (15)
 v - a wand of polymorph (6)
 F - a wand of iceblast (6)
Scrolls
 i - a scroll of enchant weapon
 p - a scroll of enchant armour {unknown}
 w - 2 scrolls of magic mapping
 x - 3 scrolls of amnesia {unknown}
 y - 2 scrolls of identify
 D - a scroll of immolation {unknown}
 G - a scroll of fog
Potions
 d - a potion of magic {unknown}
 e - a potion of brilliance
 k - 2 potions of cancellation
 l - 3 potions of flight
 m - 6 potions of agility
 o - a potion of might
Comestibles
 c - 10 rations


   Skills:
 + Level 9.3(8.0) Fighting
 + Level 9.3(7.9) Maces & Flails
 + Level 6.9(5.6) Dodging
 + Level 2.8(1.7) Stealth
 + Level 3.7(2.5) Shields


You had 9 spell levels left.
You didn't know any spells.
Your spell library was empty.

Dungeon Overview and Level Annotations

Branches:
Dungeon (10/15)            Temple (0/1) D:7
   Lair: D:8-11         Orc: D:9-12

Altars:
Ashenzari
Cheibriados
Dithmenos
Okawaru
Uskayaw
Vehumet
Wu Jian
Xom
Yredelemnul

Shops:
D:6 ?[   D:9 [

Annotations:
D:10 Maurice


Innate Abilities, Weirdness & Mutations

You are too large for most types of armour.
You have tough skin. (AC +1)


Message History

You block the hound's attack. You block Maurice's attack.
You block the hound's attack.
Maurice zaps a wand.
You resist with almost no effort.
You miss the hound.
The hound is heavily wounded.
You block the hound's attack. Maurice misses you. The hound barely misses you.
Maurice hits you with a dagger.
* * * LOW HITPOINT WARNING * * *
Maurice steals your +1 mace!
Maurice wields a +1 mace.
You block the hound's attack.
You closely miss the hound.
The hound is heavily wounded.
Your skin stops crawling.
You feel less resistant to hostile enchantments.
Maurice zaps a wand.
You are blasted!
* * * LOW HITPOINT WARNING * * *
You block the hound's attack.
Maurice zaps a wand.
You are blasted!
* * * LOW HITPOINT WARNING * * *
The hound bites you.
You die...

# .# ###
..# ###.#
#.#
...##..#
..#..#
##h..#
#)@@.#
......†##.#
.###.## #
.. ... ##


You could see Maurice (invisible) and a hound.

Vanquished Creatures
  The ghost of inmateoo the Poker, a novice NaFi (D:5)
  A wyvern (D:9)
  2 humans (D:8)
  A hungry ghost (D:8)
  Edmund (D:4)
  2 water moccasins
  2 phantoms
  2 ice beasts
  An eye of draining (D:9)
  A centaur (D:5)
  An ogre (D:6)
  A big kobold (D:8)
  A bullfrog (D:6)
  A wyvern zombie (D:9)
  A water moccasin skeleton (D:9)
  A scorpion (D:9)
  5 killer bees (D:8)
  5 wights
  2 howler monkeys (D:6)
  A jelly (D:6)
  3 crimson imps
  A bullfrog zombie (D:9)
  A centaur zombie (D:6)
  8 orc priests
  A centaur skeleton (D:9)
  6 hounds
  4 orc wizards
  A bullfrog skeleton (D:8)
  Jessica (D:2)
  3 iguanas
  5 worker ants
  2 worker ant zombies (D:5)
  3 gnolls (D:6)
  A howler monkey skeleton (D:9)
  13 adders
  4 shadow imps
  3 adder skeletons
  A worm (D:2)
  4 dart slugs
  6 leopard geckos
  17 orcs
  2 ball pythons (D:3)
  11 giant cockroaches
  10 goblins
  5 hobgoblins
  2 jackals
  12 kobolds
  4 quokkas
  7 bats
  3 frilled lizards
  A quokka zombie (D:5)
  8 rats
186 creatures vanquished.

Notes
Turn   | Place    | Note
-------+----------+-------------------------------------------
     0 | D:1      | galech the Ogre Berserker began the quest for the Orb.
     0 | D:1      | Reached XP level 1. HP: 24/24 MP: 1/1
   146 | D:1      | Reached XP level 2. HP: 18/32 MP: 2/2
   423 | D:1      | Reached XP level 3. HP: 21/40 MP: 3/3
   778 | D:2      | Reached ** piety under Trog
  1242 | D:2      | Reached XP level 4. HP: 49/49 MP: 4/4
  1321 | D:2      | Noticed Jessica
  1329 | D:2      | Killed Jessica
  2181 | D:3      | Reached skill level 5 in Fighting
  2181 | D:3      | Reached XP level 5. HP: 40/57 MP: 5/5
  2368 | D:3      | Found an ornate altar of the Wu Jian Council.
  3137 | D:4      | Reached XP level 6. HP: 46/66 MP: 6/6
  3446 | D:4      | Found a shadowy altar of Dithmenos.
  3446 | D:4      | Found a snail-covered altar of Cheibriados.
  3502 | D:4      | Found a basalt altar of Yredelemnul.
  3504 | D:4      | Found a radiant altar of Vehumet.
  3560 | D:4      | Reached *** piety under Trog
  3638 | D:4      | Found a hide-covered altar of Uskayaw.
  3724 | D:4      | Noticed Edmund
  3734 | D:4      | Reached skill level 5 in Maces & Flails
  3749 | D:4      | Killed Edmund
  3749 | D:4      | Reached skill level 1 in Stealth
  3749 | D:4      | Reached XP level 7. HP: 23/74 MP: 7/7
  4218 | D:5      | Entered Level 5 of the Dungeon
  4219 | D:5      | Noticed inmateoo's ghost (novice NaFi)
  4307 | D:5      | Killed inmateoo's ghost
  4307 | D:5      | Reached XP level 8. HP: 75/84 MP: 8/8
  4679 | D:5      | Reached skill level 5 in Dodging
  5422 | D:6      | HP: 1/84 [ogre/giant spiked club (22)]
  5894 | D:6      | Found Cuddagav's Magic Scroll Shoppe.
  6373 | D:6      | Reached XP level 9. HP: 92/93 MP: 9/9
  6531 | D:6      | Found Ciwediut's Armour Emporium.
  6534 | D:6      | Bought a +0 large shield for 45 gold pieces
  6534 | D:6      | Bought a +2 robe of cold resistance for 177 gold pieces
  6592 | D:6      | Found a shattered altar of Ashenzari.
  6645 | D:6      | Found a shimmering altar of Xom.
  7391 | D:7      | Found a staircase to the Ecumenical Temple.
  8274 | D:8      | Reached skill level 1 in Shields
  8534 | D:8      | Found an iron altar of Okawaru.
  9459 | D:9      | Reached XP level 10. HP: 95/106 MP: 10/10
  9862 | D:9      | Found Opticit's Antique Armour Boutique.
  9868 | D:9      | Bought a translucent hat for 234 gold pieces
  9878 | D:9      | Identified the cursed +0 hat "Ustrusog" {+Blink Int-5 Dex+4 SInv} (You bought it in a shop on level 9 of the Dungeon)
 10106 | D:10     | Entered Level 10 of the Dungeon
 10109 | D:10     | Noticed Maurice
 10118 | D:10     | Reached **** piety under Trog
 10128 | D:10     | HP: 5/107 [disintegration (16)]
 10128 | D:10     | Slain by a hound

Vault maps used:
D:1:      saegor_arrival_simple_e, st_stairs_14, minmay_misc_feat_cross,
          minmay_misc_feat_nine_boxes
D:2:      minmay_pentomino_o4, uniq_jessica
D:3:      lemuel_round_altar, serial_corexii_hall, corexii_hall_statues_u,
          corexii_hall_statues_t, corexii_hall_statues_s
D:4:      eat_drink_and_be_merry_uskayaw, grunt_temple_overflow_open,
          first_ration, uniq_edmund
D:6:      nicolae_overflow_crystal_walls, lemuel_doored_altar, serial_shops,
          nicolae_shop_behind_doors, shop_fountains
D:7:      minmay_temple_entry_from_below_a
D:8:      okawaru_humans
D:9:      lemuel_round_altar, serial_shops, shop
D:10:     erik_lair_dragon, orc_0_dummy, blue_anna_alchemist, minivault_23,
          minmay_misc_feat_encased, uniq_maurice

Skill      XL: |  1  2  3  4  5  6  7  8  9 10 |
---------------+-------------------------------+-----
Maces & Flails | 3 4 5 6 7 8 9 |  9.3
Dodging        | 3 4 5 6 |  6.9
Fighting       | 5 6 7 8 9 |  9.3
Stealth        | 1 2 |  2.8
Shields        | 2 3 |  3.7

Action                   |  1- 3 |  4- 6 |  7- 9 | 10-12 || total
-------------------------+-------+-------+-------+-------++-------
Melee: Mace              |   115 |   220 |     2 |       ||   337
       Flail             |       |       |   398 |   123 ||   521
Invok: Berserk           |       |     4 |     6 |     2 ||    12
       Trog's Hand       |       |     4 |     7 |     2 ||    13
  Use: Scroll            |     4 |     8 |     5 |       ||    17
       Potion            |       |       |     6 |     1 ||     7
 Stab: Sleeping          |       |     1 |     4 |       ||     5
       Distracted        |       |       |       |     1 ||     1
  Eat: Chunk             |     1 |    13 |    15 |     1 ||    30
       Ration            |       |       |     4 |     1 ||     5
Armor: Animal skin       |    28 |    75 |    26 |       ||   129
       Skin              |       |       |    46 |       ||    46
       Robe              |       |       |    45 |    16 ||    61
Dodge: Dodged            |    69 |   168 |   137 |    25 ||   399
Block: Large shield      |       |       |   180 |   124 ||   304

Table legend:
 A = Spawn XP
 B = Non-spawn XP
 C = Spawn XP percentage of total XP
 D = Spawn monster count
 E = Non-spawn monster count
 F = Spawn count percentage of total count
 G = Total turns spent on level
                    A         B        C        D         E        F      G
               +---------+---------+-------+---------+---------+-------+---------
         Total |       0 |    6007 |   0.0 |       0 |     186 |   0.0 | 10128
               +---------+---------+-------+---------+---------+-------+---------
           D:1 |       0 |      38 |   0.0 |       0 |      20 |   0.0 |   709
           D:2 |       0 |     113 |   0.0 |       0 |      29 |   0.0 |  1403
           D:3 |       0 |     150 |   0.0 |       0 |      25 |   0.0 |  1153
           D:4 |       0 |     368 |   0.0 |       0 |      16 |   0.0 |  1026
           D:5 |       0 |    1124 |   0.0 |       0 |      15 |   0.0 |  1384
           D:6 |       0 |     882 |   0.0 |       0 |      21 |   0.0 |  1024
           D:7 |       0 |     143 |   0.0 |       0 |       6 |   0.0 |  1221
           D:8 |       0 |    1583 |   0.0 |       0 |      24 |   0.0 |  1434
           D:9 |       0 |    1448 |   0.0 |       0 |      25 |   0.0 |   752
          D:10 |       0 |     158 |   0.0 |       0 |       5 |   0.0 |    22
               +---------+---------+-------+---------+---------+-------+---------
